 Dungeon Crawl Stone Soup version 0.21.0-3-g78d12a8 (webtiles) character file.

767 Inarius the Chiller (level 7, 0/47 HPs)
             Began as a Black Draconian Ice Elementalist on Jan 9, 2018.
             Was an Initiate of Hepliaklqana.
             Killed by miscasting Throw Icicle (11 damage)
             ... on level 5 of the Dungeon.
             The game lasted 00:15:24 (5385 turns).

Inarius the Chiller (DrIE)                          Turns: 5385, Time: 00:15:25

Health: 0/47       AC:  9    Str: 10    XL:     7   Next: 52%
Magic:  9/13       EV: 13    Int: 21    God:    Hepliaklqana [......]
Gold:   268        SH:  0    Dex: 14    Spells: 6/14 levels left

rFire    + . .     SeeInvis +   s - +6 war axe of Pestilence {freeze, rPois rF+ rC- Int+2 Dex+2}
rCold    x . .     Gourm    .   (no shield)
rNeg     . . .     Faith    .   (armour unavailable)
rPois    +         Spirit   .   q - +3 crown of Dyrovepreva {rElec Int+2 SInv}
rElec    +         Reflect  .   (no cloak)
rCorr    .         Harm     .   (no gloves)
MR       .....                  (no boots)
Stlth    ++........             l - amulet of magic regeneration
HPRegen  0.15/turn              (no ring)
MPRegen  0.38/turn              (no ring)

@: very slightly contaminated
A: breathe lightning, unfitting armour, reduced essence, electricity resistance,
cold-blooded, AC +6
a: Breathe Lightning, Recall Ancestor, Ancestor Identity, Renounce Religion


You were on level 5 of the Dungeon.
You worshipped Hepliaklqana.
Hepliaklqana was noncommittal.
You were not hungry.

You visited 2 branches of the dungeon, and saw 7 of its levels.

You collected 268 gold pieces.

Inventory:

Hand Weapons
 f - a +1 short sword
 s - the +6 war axe of Pestilence (weapon) {freeze, rPois rF+ rC- Int+2 Dex+2}
   (You found it on level 5 of the Dungeon)

   It has been specially enchanted to freeze those struck by it, causing extra
   injury to most foes and up to half again as much damage against particularly
   susceptible opponents.
   It can also slow down cold-blooded creatures.
   It affects your intelligence (+2).
   It affects your dexterity (+2).
   It protects you from fire.
   It makes you vulnerable to cold.
   It protects you from poison.
Armour
 q - the +3 crown of Dyrovepreva (worn) {rElec Int+2 SInv}
   (You found it on level 4 of the Dungeon)

   It affects your intelligence (+2).
   It insulates you from electricity.
   It lets you see invisible.
Jewellery
 l - an amulet of magic regeneration (around neck)
Wands
 j - a wand of paralysis (9)
 n - a wand of digging (10)
Scrolls
 c - 3 scrolls of immolation
 d - 2 scrolls of magic mapping
 i - 3 scrolls of teleportation
 k - 2 scrolls of amnesia
 o - a scroll of enchant weapon
 p - a scroll of fear
Potions
 e - a potion of agility
 g - a potion of heal wounds
 h - a potion of ambrosia
 m - a potion of curing {unknown}
 r - 4 potions of flight
Books
 a - a book of Frost

   Spells                             Type                      Level
   a - Freeze                         Ice                          1
   b - Throw Frost                    Conjuration/Ice              2
   c - Ozocubu's Armour               Charms/Ice                   3
   d - Throw Icicle                   Conjuration/Ice              4
   e - Summon Ice Beast               Ice/Summoning                4
Comestibles
 b - 7 rations


   Skills:
 + Level 1.9 Fighting
 - Level 0.2 Short Blades
 + Level 3.4 Dodging
 - Level 1.7 Stealth
 - Level 0.2 Unarmed Combat
 + Level 4.1 Spellcasting
 + Level 2.3 Conjurations
 + Level 1.1 Charms
 * Level 6.3 Ice Magic


You had 6 spell levels left.
You knew the following spells:

 Your Spells              Type           Power        Failure   Level  Hunger
a - Freeze                Ice            ####         1%          1    None
b - Ozocubu's Armour      Chrm/Ice       ###.....     8%          3    ###....
c - Throw Icicle          Conj/Ice       ###.....     21%         4    ####...


Dungeon Overview and Level Annotations

Branches:
Dungeon (6/15)             Temple (1/1) D:5

Altars:
Elyvilon
Fedhas
Gozag
Hepliaklqana
Okawaru
Qazlal
Ru
Sif Muna
Trog
Uskayaw
Wu Jian
Zin


Innate Abilities, Weirdness & Mutations

You can breathe wild blasts of lightning.
Your glossy black scales are hard. (AC +6)
You cannot fit into any form of body armour.
You are resistant to electric shocks. (rElec)
You are cold-blooded and may be slowed by cold attacks.
Your life essence is reduced to manifest your ancestor. (-10% HP)


Message History

* * * LOW HITPOINT WARNING * * *
Busisiwe hits the orc warrior.
Busisiwe completely misses the orc warrior.
The orc warrior hits Busisiwe with a mace!
Busisiwe hits the orc warrior but does no damage.
The orc warrior hits Busisiwe with a mace.
Busisiwe misses the orc warrior.
The orc warrior hits Busisiwe with a mace!
Busisiwe hits the orc warrior but does no damage.
The orc warrior hits Busisiwe with a mace.
Busisiwe is destroyed!
Casting: Freeze
Confirm with . or Enter, or press ? or * to list all spells.
Aiming: Throw Icicle
Press: ? - help, Shift-Dir - straight line, f/p - orc warrior
Aim: an orc warrior, wielding a mace and wearing a chain mail (almost dead)
You miscast Throw Icicle.
You are very lightly contaminated with residual magic.
A wave of violent energy washes through your body!
You die...

..# ###### ..# ####....### ..#
##....##...# ..# #######
#..###...... ..#
#.....########........##. ###
#..##...##......###...##.
##########.####...o..............
#....................###......###
...######....###@###)###.##..##..
##.#####...#####.# #.....#......#
#..#....#.......# #.........####
##.........########.###...#####
#.###.#......# ##..###.......##
###......##....###..##...#####..#
..#.>....####..##..###...# ##..
.........#####....###....# ##...
#.#####....##...#####.#..# #....


You could see an orc warrior.

Vanquished Creatures
  An ogre (D:3)
  2 scorpions (D:4)
  2 hounds (D:4)
  2 bullfrog skeletons (D:5)
  A centaur skeleton (D:5)
  An iguana (D:3)
  4 worker ants
  Terence (D:1)
  A hound skeleton (D:4)
  4 gnolls (D:4)
  2 adders
  An ooze (D:3)
  A dart slug (D:4)
  4 leopard geckos
  3 orcs
  A giant cockroach (D:2)
  6 goblins
  5 hobgoblins
  4 jackals (D:4)
  3 quokkas
  5 ball pythons
  3 bats
  8 frilled lizards
  7 kobolds
  A leopard gecko skeleton (D:5)
  5 rats
78 creatures vanquished.

Vanquished Creatures (collateral kills)
  A phantom (D:5)
  A hound (D:5)
  An orc wizard (D:5)
  An ooze (D:5)
  A leopard gecko (D:5)
  3 orcs
  A quokka (D:5)
  A butterfly (D:5)
10 creatures vanquished.

Vanquished Creatures (others)
  An ancestor (D:5)
  A kobold (D:3)
  5 toadstools (D:1)
7 creatures vanquished.

Grand Total: 95 creatures vanquished

Notes
Turn   | Place    | Note
-------+----------+-------------------------------------------
     0 | D:1      | Inarius the Draconian Ice Elementalist began the quest for the Orb.
     0 | D:1      | Reached XP level 1. HP: 14/14 MP: 3/3
   393 | D:1      | Reached XP level 2. HP: 20/20 MP: 1/5
   908 | D:2      | Noticed Terence
   933 | D:1      | Killed Terence
   933 | D:1      | Reached skill level 4 in Ice Magic
   933 | D:1      | Reached XP level 3. HP: 22/26 MP: 0/6
  1730 | D:3      | Reached XP level 4. HP: 11/33 MP: 1/8
  1898 | D:3      | Learned a level 3 spell: Ozocubu's Armour
  1903 | D:3      | Learned a level 4 spell: Throw Icicle
  2193 | D:3      | Found a white marble altar of Elyvilon.
  2694 | D:4      | Reached XP level 5. HP: 31/38 MP: 2/9
  2695 | D:4      | Noticed an ogre
  2937 | D:4      | Reached skill level 5 in Ice Magic
  3129 | D:4      | Reached skill level 1 in Charms
  3272 | D:4      | Reached XP level 6. HP: 22/46 MP: 4/11
  3279 | D:4      | HP: 2/46 [poisoned by a worker ant]
  3284 | D:4      | HP: 2/46 [poisoned by a worker ant]
  3290 | D:4      | HP: 1/46 [poisoned by a worker ant]
  3296 | D:4      | HP: 1/46 [poisoned by a worker ant]
  3302 | D:4      | HP: 1/46 [poisoned by a worker ant]
  3810 | D:4      | Found the +3 crown of Dyrovepreva {rElec Int+2 SInv}
  3921 | D:4      | Found a glowing silver altar of Zin.
  3927 | D:4      | Found an opulent altar of Gozag.
  4267 | D:5      | Entered Level 5 of the Dungeon
  4311 | D:4      | Reached skill level 6 in Ice Magic
  4416 | D:5      | Found a staircase to the Ecumenical Temple.
  4427 | Temple   | Entered the Ecumenical Temple
  4436 | Temple   | Became a worshipper of Hepliaklqana the Forgotten
  4685 | D:5      | Reached skill level 1 in Fighting
  4685 | D:5      | Your scales start taking on a glossy black colour.
  4685 | D:5      | Reached XP level 7. HP: 34/46 MP: 12/12
  4685 | D:5      | Gained mutation: You are resistant to electric shocks. (rElec) [Black Draconian growth]
  5357 | D:5      | Got an ancient war axe
  5373 | D:5      | Identified the +6 war axe of Pestilence {freeze, rPois rF+ rC- Int+2 Dex+2} (You found it on level 5 of the Dungeon)
  5385 | D:5      | Killed by miscasting Throw Icicle

Skill      XL: |  1  2  3  4  5  6  7 |
---------------+----------------------+-----
Ice Magic      | 4 5 6 |  6.3
Dodging        | 2 3 |  3.4
Spellcasting   | 3 4 |  4.1
Charms         | 1 |  1.1
Conjurations   | 2 |  2.3
Fighting       | 1 |  1.9
Short Blades   | |  0.2
Stealth        | |  1.7
Unarmed Combat | |  0.2

Action                   |  1- 3 |  4- 6 |  7- 9 || total
-------------------------+-------+-------+-------++-------
Melee: Unarmed           |    28 |       |       ||    28
       Tailslap          |     6 |     8 |     5 ||    19
       Short sword       |    23 |    91 |    53 ||   167
       War axe           |       |       |     2 ||     2
 Cast: Freeze            |    39 |    69 |     5 ||   113
       Ozocubu's Armour  |       |     1 |       ||     1
Invok: Recall Ancestor   |       |     1 |     1 ||     2
  Use: Potion            |       |     5 |       ||     5
       Scroll            |       |     9 |     3 ||    12
 Stab: Sleeping          |     1 |     2 |     2 ||     5
       Distracted        |     1 |       |       ||     1
  Eat: Chunk             |     2 |     7 |     1 ||    10
       Ration            |       |     1 |     1 ||     2
Armor: Skin              |    22 |    75 |    18 ||   115
Dodge: Dodged            |    49 |   152 |    33 ||   234
